TOP OF THE 1ST |
Utica Blue Jays batting - Pitching for Williamsport Greys : LHP Ron Krauss
|
Pitching: LHP Ron Krauss
|
|
Batting: RHB Ed Allen
|
0-0: Ball 1-0: Foul Ball, location: 2F 1-1: Ground out 6-3 (Groundball, 6, EV 78.8 MPH)
|
Batting: RHB Gustavo Hernandez
|
0-0: Ball 1-0: Foul Ball, location: 2F 1-1: Ball 2-1: Ball 3-1: Ground out 1-3 (Groundball, 34S, EV 63.1 MPH)
|
Batting: RHB Jose Gonzalez
|
0-0: Ball 1-0: Ball 2-0: Ball 3-0: Base on Balls
|
Batting: RHB Allen Smoot
|
0-0: SINGLE (Line Drive, 78S, EV 90.6 MPH) Jose Gonzalez to second
|
Batting: RHB Ricky Jordan
|
0-0: Ball 1-0: Called Strike 1-1: Fly out, F7 (Flyball, 7LM, EV 99.4 MPH)
|
Top of the 1st over - 0 runs, 1 hit, 0 errors, 2 left on base; Utica 0 - Williamsport 0 |
BOTTOM OF THE 1ST |
Williamsport Greys batting - Pitching for Utica Blue Jays : RHP Steve McDevitt
|
Pitching: RHP Steve McDevitt
|
|
Batting: RHB Omar Garcia
|
0-0: Called Strike 0-1: Ball 1-1: Called Strike 1-2: Ball 2-2: Fly out, F8 (Flyball, 8RD, EV 98.8 MPH)
|
Batting: SHB Chris Howard
|
0-0: Called Strike 0-1: Swinging Strike 0-2: Ground out U3 (Groundball, 3, EV 86.9 MPH)
|
Batting: LHB Angel Bayron
|
0-0: Ball 1-0: Ball 2-0: Foul Ball, location: 2F 2-1: Called Strike 2-2: Foul Ball, location: 2F 2-2: Strikes out swinging
|
Bottom of the 1st over - 0 runs, 0 hits, 0 errors, 0 left on base; Utica 0 - Williamsport 0 |
TOP OF THE 2ND |
Utica Blue Jays batting - Pitching for Williamsport Greys : LHP Ron Krauss
|
Batting: RHB Eddie Santiago
|
0-0: Foul Ball, location: 2F 0-1: Ball 1-1: Hit by Pitch
|
Batting: LHB Chip Childress
|
0-0: Ball 1-0: SINGLE (Line Drive, 9S, EV 94.4 MPH) Eddie Santiago to second Runner from 2nd tries for 3rd, SAFE, no throw by RF
|
Batting: SHB Manny Jose
|
0-0: Ball 1-0: Ball 2-0: Called Strike 2-1: Foul Ball, location: 2F 2-2: SINGLE (Line Drive, 3D, EV 104.4 MPH) Eddie Santiago scores Chip Childress to second Chip Childress to third
|
Batting: RHB Doug Gwosdz
|
0-0: Ball 1-0: Called Strike 1-1: Ball 2-1: Called Strike 2-2: Ball 3-2: Fielders Choice at 2nd, 2-6 (Groundball, 13S, EV 68.8 MPH)
|
Batting: RHB Ed Allen
|
0-0: Grounds into double play, 6-4-3 (Groundball, 6, EV 80.0 MPH)
|
Top of the 2nd over - 1 run, 2 hits, 0 errors, 1 left on base; Utica 1 - Williamsport 0 |
BOTTOM OF THE 2ND |
Williamsport Greys batting - Pitching for Utica Blue Jays : RHP Steve McDevitt
|
Batting: RHB Rodney Martin
|
0-0: Ball 1-0: Ball 2-0: Foul Ball, location: 2F 2-1: Ball 3-1: Fly out, F8 (Flyball, 78M, EV 88.8 MPH)
|
Batting: RHB Doug Carpenter
|
0-0: Ball 1-0: Ball 2-0: Ball 3-0: Called Strike 3-1: Base on Balls
|
Batting: SHB Edwin Darling
|
0-0: Ball 1-0: Fly out, F9 (Flyball, 89S, EV 91.3 MPH)
|
Batting: RHB Eddie Williams
|
0-0: Swinging Strike 0-1: Ball 1-1: Called Strike 1-2: Ball 2-2: Ball 3-2: Base on Balls Doug Carpenter to second
|
Batting: RHB Billy Loard
|
0-0: Ball 1-0: 3-RUN HOME RUN (Flyball, 7D, EV 90.6 MPH), Distance : 370 ft
|
Batting: RHB Brad Luther
|
0-0: Called Strike 0-1: Ball 1-1: Ball 2-1: Ground out 5-3 (Groundball, 5L, EV 111.3 MPH)
|
Bottom of the 2nd over - 3 runs, 1 hit, 0 errors, 0 left on base; Utica 1 - Williamsport 3 |
TOP OF THE 3RD |
Utica Blue Jays batting - Pitching for Williamsport Greys : LHP Ron Krauss
|
Batting: RHB Gustavo Hernandez
|
0-0: Swinging Strike 0-1: Foul Ball, location: 2F 0-2: Strikes out swinging
|
Batting: RHB Jose Gonzalez
|
0-0: Ball 1-0: Called Strike 1-1: SINGLE (Groundball, 5S, EV 61.3 MPH) (infield hit)
|
Batting: RHB Allen Smoot
|
0-0: Ball 1-0: Ball 2-0: Ball 3-0: Base on Balls Jose Gonzalez to second
|
Batting: RHB Ricky Jordan
|
0-0: Called Strike Jose Gonzalez steals 3rd base 0-1: Ball 1-1: Foul Ball, location: 2F 1-2: Ball 2-2: Fly out, F7 (Flyball, 78D, EV 102.5 MPH) Runner from 3rd tags up, SCORES, no throw by LF
|
Batting: RHB Eddie Santiago
|
0-0: Ball 1-0: Called Strike 1-1: SINGLE (Flyball, 7LS, EV 93.8 MPH) Allen Smoot to second
|
Batting: LHB Chip Childress
|
0-0: Ball 1-0: Called Strike 1-1: Fielders Choice at 2nd, 5-4 (Groundball, 56, EV 81.9 MPH)
|
Top of the 3rd over - 1 run, 2 hits, 0 errors, 2 left on base; Utica 2 - Williamsport 3 |
BOTTOM OF THE 3RD |
Williamsport Greys batting - Pitching for Utica Blue Jays : RHP Steve McDevitt
|
Batting: RHB Omar Garcia
|
0-0: Ball 1-0: Called Strike 1-1: Foul Ball, location: 2F 1-2: SINGLE (Groundball, 6MD, EV 101.9 MPH)
|
Batting: SHB Chris Howard
|
0-0: Swinging Strike 0-1: Foul Ball, location: 2F 0-2: Ball 1-2: DOUBLE (Line Drive, 89D, EV 111.3 MPH) Omar Garcia to third Runner from 3rd tries for Home, SAFE, no throw by CF
|
Batting: LHB Angel Bayron
|
0-0: Ball 1-0: Called Strike 1-1: Ground out 3-1 (Groundball, 34, EV 104.4 MPH) Chris Howard to third
|
Batting: RHB Rodney Martin
|
0-0: Ball 1-0: Ball 2-0: Ball 3-0: Base on Balls
|
Batting: RHB Doug Carpenter
|
0-0: Ball 1-0: Ball 2-0: Called Strike 2-1: Foul Ball, location: 2F 2-2: Foul Ball, location: 2F 2-2: Ball 3-2: Base on Balls Rodney Martin to second
|
Batting: SHB Edwin Darling
|
0-0: Called Strike 0-1: Called Strike 0-2: Ball 1-2: Ball 2-2: Fly out, F4 (Popup, 4MD, EV 63.1 MPH)
|
Batting: RHB Eddie Williams
|
0-0: Called Strike 0-1: Called Strike 0-2: Ball 1-2: Ball 2-2: Foul Ball, location: 2F 2-2: Foul Ball, location: 2F 2-2: Foul Ball, location: 2F 2-2: Fly out, F7 (Flyball, 7D, EV 95.0 MPH)
|
Bottom of the 3rd over - 1 run, 2 hits, 0 errors, 3 left on base; Utica 2 - Williamsport 4 |
TOP OF THE 4TH |
Utica Blue Jays batting - Pitching for Williamsport Greys : LHP Ron Krauss
|
Batting: SHB Manny Jose
|
0-0: Ball 1-0: Ball 2-0: Fly out, F6 (Popup, 6MD, EV 68.8 MPH)
|
Batting: RHB Doug Gwosdz
|
0-0: Ball 1-0: Ball 2-0: Called Strike 2-1: Fly out, F8 (Line Drive, 8RD, EV 93.8 MPH)
|
Batting: RHB Ed Allen
|
0-0: Swinging Strike 0-1: Foul Ball, location: 2F 0-2: Ball 1-2: Ball 2-2: Ball 3-2: Foul Ball, location: 2F 3-2: Strikes out swinging
|
Top of the 4th over - 0 runs, 0 hits, 0 errors, 0 left on base; Utica 2 - Williamsport 4 |
BOTTOM OF THE 4TH |
Williamsport Greys batting - Pitching for Utica Blue Jays : RHP Steve McDevitt
|
Batting: RHB Billy Loard
|
0-0: Called Strike 0-1: Swinging Strike 0-2: Ball 1-2: Strikes out swinging
|
Batting: RHB Brad Luther
|
0-0: Ball 1-0: Called Strike 1-1: Called Strike 1-2: Strikes out looking
|
Batting: RHB Omar Garcia
|
0-0: Ball 1-0: Called Strike 1-1: Ball 2-1: Ball 3-1: Base on Balls
|
Batting: SHB Chris Howard
|
0-0: Called Strike 0-1: Ball 1-1: Called Strike 1-2: Foul Ball, location: 2F 1-2: Foul Ball, location: 2F 1-2: Ball 2-2: Strikes out swinging
|
Bottom of the 4th over - 0 runs, 0 hits, 0 errors, 1 left on base; Utica 2 - Williamsport 4 |
TOP OF THE 5TH |
Utica Blue Jays batting - Pitching for Williamsport Greys : LHP Ron Krauss
|
Batting: RHB Gustavo Hernandez
|
0-0: Called Strike 0-1: Called Strike 0-2: Ball 1-2: Ball 2-2: Ball 3-2: Strikes out looking
|
Batting: RHB Jose Gonzalez
|
0-0: Ball 1-0: Called Strike 1-1: Ball 2-1: Foul Ball, location: 2F 2-2: Foul Ball, location: 2F 2-2: Foul Ball, location: 2F 2-2: Foul Ball, location: 2F 2-2: Fly out, F7 (Line Drive, 7D, EV 90.6 MPH)
|
Batting: RHB Allen Smoot
|
0-0: Foul Ball, location: 2F 0-1: Foul Ball, location: 2F 0-2: Foul Ball, location: 2F 0-2: Ball 1-2: Ball 2-2: Ball 3-2: Fly out, F8 (Flyball, 8LXD, EV 106.9 MPH)
|
Top of the 5th over - 0 runs, 0 hits, 0 errors, 0 left on base; Utica 2 - Williamsport 4 |
BOTTOM OF THE 5TH |
Williamsport Greys batting - Pitching for Utica Blue Jays : RHP Steve McDevitt
|
Batting: LHB Angel Bayron
|
0-0: SINGLE (Groundball, 6MD, EV 105.6 MPH)
|
Batting: RHB Rodney Martin
|
0-0: Called Strike 0-1: Foul Ball, location: 2F 0-2: Strikes out swinging
|
Batting: RHB Doug Carpenter
|
0-0: Ball 1-0: Ball 2-0: Fly out, F8 (Flyball, 8LS, EV 88.1 MPH)
|
Batting: SHB Edwin Darling
|
0-0: Ball 1-0: Foul Ball, location: 2F 1-1: Foul Ball, location: 2F 1-2: Strikes out swinging
|
Bottom of the 5th over - 0 runs, 1 hit, 0 errors, 1 left on base; Utica 2 - Williamsport 4 |
TOP OF THE 6TH |
Utica Blue Jays batting - Pitching for Williamsport Greys : LHP Ron Krauss
|
Batting: RHB Ricky Jordan
|
0-0: Ball 1-0: Called Strike 1-1: Fly out, F9 (Flyball, 9S, EV 88.8 MPH)
|
Batting: RHB Eddie Santiago
|
0-0: Ball 1-0: Ball 2-0: Called Strike 2-1: Swinging Strike 2-2: Ball 3-2: Foul Ball, location: 2F 3-2: Base on Balls
|
Batting: LHB Chip Childress
|
0-0: Fly out, F7 (Line Drive, 7, EV 103.8 MPH)
|
Batting: SHB Manny Jose
|
0-0: Fly out, F8 (Flyball, 8LS, EV 91.3 MPH)
|
Top of the 6th over - 0 runs, 0 hits, 0 errors, 1 left on base; Utica 2 - Williamsport 4 |
BOTTOM OF THE 6TH |
Williamsport Greys batting - Pitching for Utica Blue Jays : RHP Steve McDevitt
|
Batting: RHB Eddie Williams
|
0-0: Ball 1-0: Foul Ball, location: 2F 1-1: Ball 2-1: Swinging Strike 2-2: Fly out, F9 (Flyball, 89D, EV 100.0 MPH)
|
Batting: RHB Billy Loard
|
0-0: Ball 1-0: Foul Ball, location: 2F 1-1: Foul Ball, location: 2F 1-2: Ball 2-2: Foul Ball, location: 2F 2-2: Strikes out looking
|
Batting: RHB Brad Luther
|
0-0: Ball 1-0: Ball 2-0: Fly out, F7 (Flyball, 78S, EV 86.9 MPH)
|
Bottom of the 6th over - 0 runs, 0 hits, 0 errors, 0 left on base; Utica 2 - Williamsport 4 |
TOP OF THE 7TH |
Utica Blue Jays batting - Pitching for Williamsport Greys : LHP Ron Krauss
|
Batting: RHB Doug Gwosdz
|
0-0: Called Strike 0-1: Ball 1-1: Fly out, F8 (Flyball, 8LXD, EV 103.1 MPH)
|
Batting: RHB Ed Allen
|
0-0: Foul Ball, location: 2F 0-1: Foul Ball, location: 2F 0-2: Strikes out swinging
|
Batting: RHB Gustavo Hernandez
|
0-0: Called Strike 0-1: Ball 1-1: Foul Ball, location: 2F 1-2: Ball 2-2: Foul Ball, location: 2F 2-2: Ball 3-2: Foul Ball, location: 2F 3-2: Strikes out looking
|
Top of the 7th over - 0 runs, 0 hits, 0 errors, 0 left on base; Utica 2 - Williamsport 4 |
BOTTOM OF THE 7TH |
Williamsport Greys batting - Pitching for Utica Blue Jays : RHP Steve McDevitt
|
Batting: RHB Omar Garcia
|
0-0: Ball 1-0: Ball 2-0: Called Strike 2-1: Ball 3-1: Ground out 6-3 (Groundball, 6, EV 93.1 MPH)
|
Batting: SHB Chris Howard
|
0-0: Ball 1-0: Called Strike 1-1: Swinging Strike 1-2: Strikes out looking
|
Batting: LHB Angel Bayron
|
0-0: Foul Ball, location: 2F 0-1: Swinging Strike 0-2: Ball 1-2: Ball 2-2: Strikes out swinging
|
Bottom of the 7th over - 0 runs, 0 hits, 0 errors, 0 left on base; Utica 2 - Williamsport 4 |
TOP OF THE 8TH |
Utica Blue Jays batting - Pitching for Williamsport Greys : LHP Ron Krauss
|
Batting: RHB Jose Gonzalez
|
0-0: Fly out, F8 (Flyball, 8LXD, EV 101.9 MPH)
|
Batting: RHB Allen Smoot
|
0-0: Called Strike 0-1: Called Strike 0-2: Ball 1-2: Foul Ball, location: 2F 1-2: Fly out, F8 (Line Drive, 8LM, EV 90.6 MPH)
|
Batting: RHB Ricky Jordan
|
0-0: Ball 1-0: Foul Ball, location: 2F 1-1: Called Strike 1-2: SOLO HOME RUN (Flyball, 7D, EV 101.3 MPH), Distance : 380 ft
|
Batting: RHB Eddie Santiago
|
0-0: SINGLE (Popup, 15, EV 86.9 MPH)
|
Pinch Runner at 1st Tony Walker:
|
|
Pinch Hitting: RHB James McGilvray
|
0-0: Ball 1-0: Ball 2-0: Called Strike 2-1: Ball 3-1: Base on Balls Tony Walker to second
|
Pinch Hitting: RHB Igor Roosendaal
|
0-0: Ball 1-0: Ball 2-0: SINGLE (Groundball, 56D, EV 106.9 MPH) Tony Walker to third James McGilvray to second Runner from 3rd tries for Home, SAFE, throw by LF to home
|
Pitching: RHP Jose Zamora
|
|
Batting: RHB Doug Gwosdz
|
0-0: Ball 1-0: Ball 2-0: SINGLE (Line Drive, 8RS, EV 106.9 MPH) James McGilvray to third Igor Roosendaal to second
|
Batting: RHB Ed Allen
|
0-0: Ball 1-0: SINGLE (Line Drive, 8LS, EV 93.1 MPH) James McGilvray scores Igor Roosendaal to third Doug Gwosdz to second Runner from 3rd tries for Home, SAFE, throw by CF to home
|
Batting: RHB Gustavo Hernandez
|
0-0: Swinging Strike 0-1: Ball 1-1: Swinging Strike 1-2: Strikes out looking
|
Top of the 8th over - 4 runs, 5 hits, 0 errors, 2 left on base; Utica 6 - Williamsport 4 |
BOTTOM OF THE 8TH |
Williamsport Greys batting - Pitching for Utica Blue Jays : RHP Steve McDevitt
|
Now at 2B: Felix Perdomo
|
|
Now at 3B: James Lumpe
|
|
Now in RF: Carlos Castillo
|
|
Batting: RHB Rodney Martin
|
0-0: Called Strike 0-1: Fly out, F9 (Flyball, 89D, EV 91.9 MPH)
|
Batting: RHB Doug Carpenter
|
0-0: Foul Ball, location: 2F 0-1: Called Strike 0-2: Ball 1-2: Ball 2-2: Strikes out looking
|
Batting: SHB Edwin Darling
|
0-0: Foul Ball, location: 2F 0-1: Ball 1-1: Foul Ball, location: 2F 1-2: Strikes out swinging
|
Bottom of the 8th over - 0 runs, 0 hits, 0 errors, 0 left on base; Utica 6 - Williamsport 4 |
TOP OF THE 9TH |
Utica Blue Jays batting - Pitching for Williamsport Greys : RHP Jose Zamora
|
Batting: RHB Jose Gonzalez
|
0-0: Foul Ball, location: 2F 0-1: Ball 1-1: Fly out, F3 (Popup, 3F, EV 81.3 MPH)
|
Batting: RHB Allen Smoot
|
0-0: SINGLE (Line Drive, 7S, EV 106.9 MPH)
|
Batting: RHB Ricky Jordan
|
0-0: Ball 1-0: Ball 2-0: Called Strike 2-1: Grounds into double play, 5-4-3 (Groundball, 56S, EV 81.3 MPH)
|
Top of the 9th over - 0 runs, 1 hit, 0 errors, 0 left on base; Utica 6 - Williamsport 4 |
BOTTOM OF THE 9TH |
Williamsport Greys batting - Pitching for Utica Blue Jays : RHP Steve McDevitt
|
Pitching: RHP Josias Manzanillo
|
|
Batting: RHB Eddie Williams
|
0-0: Foul Ball, location: 2F 0-1: Ball 1-1: Ball 2-1: Called Strike 2-2: Ball 3-2: Strikes out swinging
|
Batting: RHB Billy Loard
|
0-0: Ball 1-0: Foul Ball, location: 2F 1-1: SOLO HOME RUN (Flyball, 7LD, EV 106.3 MPH), Distance : 363 ft
|
Pinch Hitting: LHB Bobby Buchanon
|
0-0: Called Strike 0-1: Fly out, F9 (Flyball, 9LS, EV 87.5 MPH)
|
Batting: RHB Omar Garcia
|
0-0: Swinging Strike 0-1: Called Strike 0-2: Ball 1-2: Ball 2-2: Foul Ball, location: 2F 2-2: Strikes out swinging
|
Bottom of the 9th over - 1 run, 1 hit, 0 errors, 0 left on base; Utica 6 - Williamsport 5 |
|